 Dungeon Sprint DCSS version 0.28.0-43-g3370ac3207 (webtiles) character file.

Game seed: 13058666103762844619

54742 boopmooplesden the Slayer (level 14, -9/166 HPs)
             Began as a Minotaur Berserker on Mar 10, 2022.
             Was the Champion of Trog.
             Killed by drain life
             ... invoked by a deathcap
             ... summoned by a curse toe
              (19 damage)
             ... in the Dungeon (Sprint II: "The Violet Keep of Menkaure").
             The game lasted 00:20:33 (4319 turns).

boopmooplesden the Slayer (Minotaur Berserker)      Turns: 4319, Time: 00:20:34

Health: -9/166     AC: 31    Str: 28 (29) XL:     14   Next: 35%
Magic:  11/11      EV: 10    Int:  1      God:    Trog [******]
Gold:   4310       SH: 22    Dex: 13      Spells: 13/13 levels left

rFire   + + +      SeeInvis .   m - +9 broad axe of the Iron City of Dis {spect, Str+3}
rCold   + + +      Faith    .   O - +2 shield of Resistance {rF++ rC++ Will++}
rNeg    . . .      Spirit   .   H - +1 gold dragon scales
rPois   +          Reflect  +   z - +1 hat "Vokafet" {rElec Regen+ Str+7 Int-3}
rElec   +          Harm     .   (no cloak)
rCorr   .          Rampage  .   J - +2 pair of gloves
Will    ++++.      Rage     1%  x - +0 pair of boots
Stlth   .......... NoTele   +   B - amulet of reflection
HPRegen 1.17/turn               v - ring of protection from fire
MPRegen 0.12/turn               E - ring "Jiylunu" {Fly rPois rC+++ Will+ Str-5}

@: lethally poisoned (-9 -> -25), flying, slowed, unable to read, very slow
A: horns 2, retaliatory headbutt, camouflage 1, berserk 1, deterioration 1, low
MP 1, inability to read while threatened
a: Renounce Religion, Berserk, Trog's Hand, Brothers in Arms


You were in the Dungeon.
You worshipped Trog.
Trog was exalted by your worship.
You visited 1 branch You collected 5941 gold pieces.
You spent 1631 gold pieces at shops.

Inventory:

Hand Weapons
 a - a +0 hand axe
 j - the +5 hand axe of the Foot {antimagic, Fly}
   (You bought it in a shop in the Dungeon)

   It reduces the magical energy of the wielder, and disrupts the spells and
   magical abilities of those it strikes.
   Natural abilities and divine invocations are not affected.
   Fly:       It grants you flight.
 l - a +4 vorpal hand axe
 m - the +9 broad axe of the Iron City of Dis (weapon) {spect, Str+3}
   (You acquired it in the Dungeon)

   When its wielder attacks, the weapon's spirit leaps out and strikes again.
   The spirit shares a part of any damage it takes with its wielder.
   Str:       It affects your strength (+3).
 u - a +7 antimagic broad axe
 A - a +4 battleaxe of flaming
 G - a +3 demon trident of flaming
 K - a +6 executioner's axe
Missiles
 F - a throwing net (quivered)
Armour
 b - a +0 animal skin
 i - a +0 ring mail
 k - a +0 chain mail of willpower
 q - a +0 buckler of cold resistance
 x - a +0 pair of boots (worn)
 y - a +0 kite shield
 z - the +1 hat "Vokafet" (worn) {rElec Regen+ Str+7 Int-3}
   (You found it in the Dungeon)

   Str:       It affects your strength (+7).
   Int:       It affects your intelligence (-3).
   rElec:     It insulates you from electricity.
   Regen:     It increases your rate of health regeneration.
 H - +1 gold dragon scales (worn)
 J - a +2 pair of gloves (worn)
 M - the +9 plate armour "Wopra" {rN+ Str+4 Stlth+}
   (You acquired it in the Dungeon)

   Str:       It affects your strength (+4).
   rN:        It protects you from negative energy.
   Stlth:     It makes you more stealthy.
 O - the +2 shield of Resistance (worn) {rF++ rC++ Will++}
   (You acquired it in the Dungeon)

   rF:        It greatly protects you from fire.
   rC:        It greatly protects you from cold.
   Will:      It greatly increases your willpower.
Jewellery
 n - a ring of fire
 v - a ring of protection from fire (left hand)
 B - an amulet of reflection (around neck)
 E - the ring "Jiylunu" (right hand) {Fly rPois rC+++ Will+ Str-5}
   (You found it in the Dungeon)

   [ring of willpower]

   Str:       It affects your strength (-5).
   rC:        It renders you almost immune to cold.
   rPois:     It protects you from poison.
   Fly:       It grants you flight.
   Will:      It increases your willpower.
 L - the ring "Pig Tuaj" {Int+3 Dex+6 Stlth+}
   (You found it in the Dungeon)

   [ring of dexterity]

   Int:       It affects your intelligence (+3).
   Dex:       It affects your dexterity (+6).
   Stlth:     It makes you more stealthy.
 N - an amulet of faith
 R - the ring "Qudill" {rElec rC+ Will+ Str+4}
   (You bought it in a shop in the Dungeon)

   [ring of willpower]

   Str:       It affects your strength (+4).
   rC:        It protects you from cold.
   rElec:     It insulates you from electricity.
   Will:      It increases your willpower.
Wands
 I - a wand of iceblast (5)
 P - a wand of paralysis (4)
Scrolls
 h - a scroll of blinking
 s - a scroll of fear
 C - a scroll of identify
 Q - 3 scrolls of acquirement
Potions
 c - a potion of curing
 d - 2 potions of heal wounds
 e - 11 potions of haste
 f - 32 potions of magic
 g - a potion of berserk rage
 o - 5 potions of mutation
 r - 17 potions of flight
 t - a potion of attraction {unknown}
 w - a potion of brilliance {unknown}
 D - a potion of degeneration {unknown}
 S - a potion of experience {unknown}
Miscellaneous
 p - a phial of floods


   Skills:
 + Level 26.8 Fighting
 + Level 26.5(26.7) Axes
 + Level 5.8(18.5) Polearms
 + Level 20.6 Armour
 + Level 10.8 Dodging
 + Level 5.3 Stealth
 + Level 19.5 Shields


You had 13 spell levels left.
You didn't know any spells.
Your spell library was empty.

Dungeon Overview and Level Annotations

Branches:
Dungeon (1/1)

Altars:
Cheibriados
Dithmenos
Elyvilon
Fedhas
Gozag
Hepliaklqana
Kikubaaqudgha
Makhleb
Nemelex Xobeh
Okawaru
Qazlal
Ru
Sif Muna
Trog
Uskayaw
Vehumet
Wu Jian
Xom
Yredelemnul
Zin
The Shining One
Beogh
Jiyva
Lugonu

Shops:
D [([=:[!([=!((![=*?([([=([!!=:==[(:*?

Annotations:
D exclusion: obsidian statue, Gloorx Vloq


Innate Abilities, Weirdness & Mutations

You have a pair of horns on your head.
You reflexively headbutt those who attack you in melee.
Your skin changes colour to match your surroundings (Stealth+).
You tend to lose your temper in combat.
Your body sometimes deteriorates upon taking damage.
Your magical capacity is low. (-10% MP)
You sometimes lose the ability to read scrolls when taking damage.


Message History

The curse toe calls on the powers of darkness!
Your body is wracked with pain!
You feel threatened and lose the ability to read scrolls!
Your body deteriorates!
You feel weakened.
The golden eye convulses!
The royal mummy mumbles some strange words.
Send 'em back where they came from!
Your +9 broad axe of the Iron City of Dis {spect, Str+3} fades away.
The golden eye blinks at you. You resist with almost no effort.
You hit the curse toe but do no damage.
The curse toe is severely damaged.
Your +9 broad axe of the Iron City of Dis {spect, Str+3} hits the curse toe but does no damage.
You are engulfed in dark miasma.
You feel very sick.
The curse toe gestures.
The royal mummy points at you and mumbles some strange words.
Something smites you!
* * * LOW HITPOINT WARNING * * *
The golden eye blinks!
You slash the curse toe!
The curse toe is severely damaged.
You slice the deathcap!!
You hit the wandering mushroom but do no damage.
You slash the wandering mushroom! You slice the deathcap!!
You are engulfed in dark miasma.
You are more poisoned.
You feel as though you will be slow longer.
* * * LOW HITPOINT WARNING * * *
x2 You feel extremely sick.
The golden eye blinks!
The curse toe calls on the powers of darkness!
Your body is wracked with pain!
* * * LOW HITPOINT WARNING * * *
The golden eye convulses!
The deathcap releases spores at you but does no damage.
The wandering mushroom is engulfed in dark miasma.
The wandering mushroom barely misses you.
The deathcap draws from the surrounding life force!
You die... ###### #### #.).|# ▓▓▓▓▓▓▓ '..###:)))##▓§....+ ####........▓§.1..▓ ####....(.).▓ 1BBM▓ ▓▓▓ §..##⌠....#○▓▓ 1VB

..▓ §§..##.†..#..▓▓▓z▓▓▓▓.▓
§.§§§##'†##...'(@f▓0..▓
§§§≈##≈.).###.#fff▓▓▓▓▓▓▓▓▓▓ ▓▓▓▓
§≈.##)≈.....#°#G.f▓§§≈≈≈§≈≈▓▓▓.^.
§§'#####....#.##)=▓▓▓▓▓▓▓▓▓▓▓▓'▓▓
§≈≈.#..†....#..#°:▓..)...((▓▓...▓
##..#..####.#..#[)▓.)(((:).▓▓.†.▓
.##.####..'.##.#[)▓.).)...)▓▓)).▓
..#....#..#...####▓....(...▓▓...▓
.####..#####..##.#▓(((.:(.(▓▓...▓


You could see a royal mummy, a curse toe, a vampire knight, 3 Executioners, 3
deathcaps, 2 wandering mushrooms, 3 death scarabs, a golden eye and a friendly
+9 broad axe of the Iron City of Dis {spect, Str+3} (summoned).

Vanquished Creatures
  the Lernaean hydra (D)
  2 golden dragons (D)
  A bone dragon (D)
  A hellephant (D)
  An electric golem (D)
  A deep elf master archer (D)
  A deep elf blademaster (D)
  A kraken (D)
  Gastronok (D)
  2 sphinxes (D)
  2 storm dragons (D)
  Roxanne (D)
  Kirke (D)
  A frost giant (D)
  A cacodemon (D)
  An orc warlord (D)
  A draconian shifter (D)
  A dire elephant (D)
  A deep elf high priest (D)
  A crystal guardian (D)
  A yaktaur captain (D)
  An iron golem (D)
  An ice dragon (D)
  2 boulder beetles (D)
  A centaur warrior (D)
  An iron elemental (D)
  A death yak (D)
  2 hell hogs (D)
  Sonja (D)
  A skeletal warrior (D)
  2 death drakes (D)
  3 sixfirhies (D)
  A glowing orange brain (D)
  2 deep trolls (D)
  An orange crystal statue (D)
  A harpy (D)
  An oklob plant (D)
  3 manticores (D)
  3 shining eyes (D)
  3 orc sorcerers (D)
  3 toenail golems (D)
  An eye of devastation (D)
  An elephant (D)
  2 cane toads (D)
  A kobold demonologist (D)
  A yaktaur (D)
  2 unseen horrors (D)
  A hornet (D)
  5 polar bears (D)
  3 slime creatures (D)
  18 flying skulls (D)
  3 yaks (D)
  5 wyverns (D)
  4 neqoxecs (D)
  A vampire mosquito (D)
  2 redbacks (D)
  Menkaure (D)
  7 water moccasins (D)
  2 swamp drakes (D)
  3 black bears (D)
  5 necrophages (D)
  2 earth elementals (D)
  4 scorpions (D)
  4 lava snakes (D)
  A jelly (D)
  4 orc priests (D)
  An iron imp (D)
  2 spectral ball pythons (D)
  3 tentacles (D)
147 creatures vanquished.

Vanquished Creatures (others)
  Nessos (D)
  16 tentacles (D)
17 creatures vanquished.

Grand Total: 164 creatures vanquished

Notes
Turn   | Place    | Note
-------+----------+-------------------------------------------
     0 | D        | boopmooplesden the Minotaur Berserker began the quest for
                  | the Orb.
     0 | D        | Reached XP level 1. HP: 19/19 MP: 0/0
     1 | D        | Noticed a necrophage
     1 | D        | Noticed a necrophage
     1 | D        | Noticed a necrophage
     1 | D        | Noticed a necrophage
     5 | D        | Killed a necrophage
     6 | D        | Reached XP level 2. HP: 34/34 MP: 1/1
     6 | D        | Reached XP level 3. HP: 39/39 MP: 2/2
     6 | D        | Reached XP level 4. HP: 47/47 MP: 3/3
     8 | D        | Killed a necrophage
     9 | D        | Reached XP level 5. HP: 56/56 MP: 4/4
    10 | D        | Killed a necrophage
    10 | D        | Reached ** piety under Trog
    11 | D        | Reached skill level 10 in Axes
    11 | D        | Reached skill level 5 in Armour
    12 | D        | Killed a necrophage
    13 | D        | Reached skill level 10 in Fighting
    13 | D        | Reached skill level 5 in Dodging
    13 | D        | Reached XP level 6. HP: 67/67 MP: 5/5
    89 | D        | Reached *** piety under Trog
    90 | D        | Reached XP level 7. HP: 22/74 MP: 6/6
   329 | D        | Noticed a neqoxec
   332 | D        | Noticed a neqoxec
   334 | D        | Killed a neqoxec
   338 | D        | Noticed a neqoxec
   340 | D        | Killed a neqoxec
   340 | D        | Reached **** piety under Trog
   341 | D        | Gained mutation: You tend to lose your temper in combat. [a
                  | neqoxec]
   347 | D        | Killed a neqoxec
   348 | D        | Reached skill level 1 in Stealth
   348 | D        | Noticed a neqoxec
   352 | D        | Killed a neqoxec
   353 | D        | Reached XP level 8. HP: 80/86 MP: 7/7
   354 | D        | Found Fig Nopat's Distillery.
   354 | D        | Found Itarphoss's Book Shop.
   354 | D        | Found Ukoemin's Jewellery Boutique.
   354 | D        | Found Baditooj's Distillery.
   354 | D        | Found Hyasi's Jewellery Boutique.
   481 | D        | Found Quapag's Antique Weapon Boutique.
   481 | D        | Found Xanugecugh's Magic Scroll Shop.
   481 | D        | Found Liaru's Jewellery Boutique.
   482 | D        | Found Ucazil's Distillery.
   482 | D        | Found Zafigah's Antique Weapon Boutique.
   482 | D        | Noticed Menkaure
   482 | D        | Noticed a shining eye
   482 | D        | Noticed a shining eye
   503 | D        | Killed Menkaure
   513 | D        | Noticed a boulder beetle
   513 | D        | Noticed a boulder beetle
   526 | D        | Noticed a flying skull
   526 | D        | Noticed a flying skull
   536 | D        | Noticed a flying skull
   538 | D        | Reached ***** piety under Trog
   544 | D        | Noticed a flying skull
   545 | D        | Noticed a flying skull
   545 | D        | Noticed a flying skull
   556 | D        | Found Duex's Antique Armour Boutique.
   556 | D        | Found Ilonkis's Antique Weapon Shop.
   556 | D        | Noticed a shining eye
   556 | D        | Noticed an oklob plant
   612 | D        | Found Yherr's Jewellery Shop.
   612 | D        | Found Archefog's Book Shoppe.
   612 | D        | Found Betiol's Antique Armour Boutique.
   613 | D        | Noticed a manticore
   614 | D        | Noticed a manticore
   614 | D        | Noticed a manticore
   620 | D        | Bought a brightly glowing leather armour for 217 gold
                  | pieces
   620 | D        | Identified the +0 leather armour "Getuwk" {Drain rElec
                  | rCorr Int-5 Dex+5} (You bought it in a shop in the Dungeon)
   625 | D        | Bought a fine hand axe for 136 gold pieces
   625 | D        | Identified the +5 hand axe of the Foot {antimagic, Fly}
                  | (You bought it in a shop in the Dungeon)
   632 | D        | Bought a shiny chain mail for 232 gold pieces
   670 | D        | Found a glowing silver altar of Zin.
   671 | D        | Found a glowing golden altar of the Shining One.
   671 | D        | Found a basalt altar of Yredelemnul.
   671 | D        | Found a hide-covered altar of Uskayaw.
   672 | D        | Found a shimmering altar of Xom.
   672 | D        | Found a bloodstained altar of Trog.
   672 | D        | Found a radiant altar of Vehumet.
   672 | D        | Found a burning altar of Makhleb.
   675 | D        | Found an ornate altar of the Wu Jian Council.
   675 | D        | Found a shimmering blue altar of Sif Muna.
   675 | D        | Found a corrupted altar of Lugonu.
   676 | D        | Found a sacrificial altar of Ru.
   676 | D        | Found an ancient bone altar of Kikubaaqudgha.
   676 | D        | Found a white marble altar of Elyvilon.
   677 | D        | Found a stormy altar of Qazlal.
   677 | D        | Found a viscous altar of Jiyva.
   677 | D        | Found a shadowy altar of Dithmenos.
   678 | D        | Found a hazy altar of Hepliaklqana.
   678 | D        | Found a snail-covered altar of Cheibriados.
   680 | D        | Noticed a yaktaur
   680 | D        | Noticed a hornet
   680 | D        | Noticed a polar bear
   680 | D        | Noticed a polar bear
   681 | D        | Noticed a polar bear
   686 | D        | Killed a polar bear
   687 | D        | Reached skill level 15 in Axes
   691 | D        | Killed a polar bear
   695 | D        | Killed a polar bear
   699 | D        | Killed a hornet
   700 | D        | Reached skill level 15 in Fighting
   700 | D        | Reached XP level 9. HP: 87/97 MP: 2/8
   701 | D        | Killed a yaktaur
   701 | D        | Received a gift from Trog
   796 | D        | Noticed a kraken
  1060 | D        | Found a blossoming altar of Fedhas.
  1061 | D        | Found an opulent altar of Gozag.
  1070 | D        | Found a sparkling altar of Nemelex Xobeh.
  1071 | D        | Found an iron altar of Okawaru.
  1085 | D        | Noticed a sixfirhy
  1088 | D        | Noticed a sixfirhy
  1435 | D        | Noticed a deep troll
  1435 | D        | Noticed a deep troll
  1441 | D        | Killed a deep troll
  1446 | D        | Killed a deep troll
  1446 | D        | Reached ****** piety under Trog
  1447 | D        | Reached skill level 1 in Shields
  1447 | D        | Reached XP level 10. HP: 108/108 MP: 3/9
  1497 | D        | Identified the +1 hat "Vokafet" {rElec Regen+ Str+7 Int-3}
  1526 | D        | Killed a boulder beetle
  1542 | D        | Killed a boulder beetle
  1542 | D        | Received a gift from Trog
  1543 | D        | Reached skill level 10 in Armour
  1574 | D        | Bought an amulet of reflection for 300 gold pieces
  1646 | D        | Received a gift from Trog
  1745 | D        | Noticed Roxanne
  1748 | D        | Noticed Kirke
  1748 | D        | Noticed a skeletal warrior
  1762 | D        | Killed a skeletal warrior
  1764 | D        | Noticed a cane toad
  1767 | D        | Noticed a yaktaur captain
  1769 | D        | Noticed a cane toad
  1771 | D        | Reached XP level 11. HP: 119/119 MP: 10/10
  1775 | D        | Killed Kirke
  1775 | D        | Received a gift from Trog
  1779 | D        | Reached skill level 5 in Shields
  1783 | D        | Killed a yaktaur captain
  1785 | D        | Noticed a centaur warrior
  1796 | D        | Killed a centaur warrior
  1890 | D        | Received a gift from Trog
  2077 | D        | Noticed an ice dragon
  2077 | D        | Noticed an iron elemental
  2085 | D        | Killed an ice dragon
  2086 | D        | Reached skill level 10 in Dodging
  2090 | D        | Killed an iron elemental
  2094 | D        | Identified the ring "Jiylunu" {Fly rPois rC+++ Will+ Str-5}
  2133 | D        | Found Osiom's Antique Armour Emporium.
  2133 | D        | Found Rofeh's Antique Weapon Shop.
  2134 | D        | Found Wasaorr's Antique Armour Shop.
  2134 | D        | Found Gutiegeirih's Distillery.
  2134 | D        | Found Gaewam's Jewellery Boutique.
  2134 | D        | Found Doyn's Weapon Emporium.
  2134 | D        | Found Hotyekk's Weapon Shop.
  2134 | D        | Found Itirics's Distillery.
  2134 | D        | Found Pirchuky's Weapon Boutique.
  2134 | D        | Found Huffas's General Store.
  2134 | D        | Found Sudoz's Antique Armour Shop.
  2134 | D        | Found Bojit's Armour Shoppe.
  2162 | D        | Noticed a storm dragon
  2162 | D        | Noticed a golden dragon
  2162 | D        | Noticed a cacodemon
  2163 | D        | Noticed a bone dragon
  2370 | D        | Noticed a frost giant
  2370 | D        | Noticed a deep elf high priest
  2377 | D        | Killed a frost giant
  2382 | D        | Killed a cacodemon
  2382 | D        | Received a gift from Trog
  2510 | D        | Killed a storm dragon
  2511 | D        | Reached XP level 12. HP: 134/134 MP: 11/11
  2532 | D        | Killed a deep elf high priest
  2635 | D        | Killed a bone dragon
  2636 | D        | Reached skill level 15 in Armour
  2689 | D        | Killed a golden dragon
  2740 | D        | Killed a kraken
  2797 | D        | Noticed a sphinx
  2797 | D        | Noticed a sphinx
  2801 | D        | Killed a sphinx
  2801 | D        | Received a gift from Trog
  2803 | D        | Killed a sphinx
  2859 | D        | Found Gosson's Book Shoppe.
  2860 | D        | Found Ukhlas's Antique Armour Boutique.
  2877 | D        | Found the +7 lajatang of Order {silver, rMut}
  2878 | D        | Found Jix Noe's Antique Armour Emporium.
  2879 | D        | Found Gorrocveripn's Antique Armour Boutique.
  2882 | D        | Noticed Nessos
  2896 | D        | Killed Nessos
  2997 | D        | Bought a pair of embroidered gloves for 202 gold pieces
  3036 | D        | Noticed Gastronok
  3045 | D        | Killed Gastronok
  3045 | D        | Received a gift from Trog
  3046 | D        | Reached skill level 10 in Shields
  3051 | D        | Noticed a dire elephant
  3055 | D        | Killed a dire elephant
  3057 | D        | Reached XP level 13. HP: 148/148 MP: 12/12
  3058 | D        | Received a gift from Trog
  3072 | D        | Identified the ring "Pig Tuaj" {Int+3 Dex+6 Stlth+}
  3136 | D        | Identified a scroll of acquirement
  3136 | D        | Acquired the +9 broad axe of the Iron City of Dis {spect,
                  | Str+3}
  3220 | D        | Lost intelligence.
  3231 | D        | Gained mutation: Your magical capacity is low. (-10% MP)
                  | [mutagenic glow]
  3238 | D        | Gained mutation: Your body sometimes deteriorates upon
                  | taking damage. [mutagenic glow]
  3248 | D        | Gained mutation: Your skin changes colour to match your
                  | surroundings (Stealth+). [mutagenic glow]
  3267 | D        | Noticed a deep elf blademaster
  3290 | D        | Killed a deep elf blademaster
  3293 | D        | Received a gift from Trog
  3380 | D        | Noticed a purple draconian shifter
  3380 | D        | Noticed a hellephant
  3383 | D        | Noticed Sonja
  3389 | D        | Killed a purple draconian shifter
  3391 | D        | Killed Sonja
  3391 | D        | Received a gift from Trog
  3394 | D        | Killed a hellephant
  3498 | D        | Killed Roxanne
  3529 | D        | Noticed a storm dragon
  3536 | D        | Killed a storm dragon
  3540 | D        | Acquired the +2 shield of Resistance {rF++ rC++ Will++}
  3540 | D        | Found the +2 shield of Resistance {rF++ rC++ Will++}
  3557 | D        | Acquired 531 gold pieces
  3559 | D        | Acquired the +9 plate armour "Wopra" {rN+ Str+4 Stlth+}
  3567 | D        | Found Vypne's Magic Scroll Boutique.
  3567 | D        | Found Roplef's Assorted Antiques.
  3567 | D        | Found Nibratse's Weapon Emporium.
  3567 | D        | Found Caosch's Jewellery Boutique.
  3567 | D        | Noticed a golden dragon
  3574 | D        | Killed a golden dragon
  3621 | D        | Noticed an orc warlord
  3624 | D        | Noticed the 27-headed Lernaean hydra
  3675 | D        | Received a gift from Trog
  3729 | D        | Reached skill level 15 in Shields
  3730 | D        | Gained mutation: You sometimes lose the ability to read
                  | scrolls when taking damage. [a shining eye]
  3731 | D        | Received a gift from Trog
  3760 | D        | Killed an orc warlord
  3808 | D        | Killed the 27-headed Lernaean hydra
  3872 | D        | Found Feseniob's Jewellery Shoppe.
  3890 | D        | Bought the ring "Qudill" {rElec rC+ Will+ Str+4} for 544
                  | gold pieces
  3908 | D        | Received a gift from Trog
  3912 | D        | Identified the +3 morningstar "Unwojy" {spect, Dex+4}
  4003 | D        | Noticed a crystal guardian
  4024 | D        | Reached XP level 14. HP: 97/165 MP: 11/11
  4100 | D        | Received a gift from Trog
  4171 | D        | Noticed a deep elf master archer
  4189 | D        | Killed a deep elf master archer
  4197 | D        | Received a gift from Trog
  4201 | D        | Reached skill level 5 in Polearms
  4204 | D        | Received a gift from Trog
  4206 | D        | Reached skill level 5 in Stealth
  4238 | D        | Identified the +7 trident "Ylui" {elec, Dex+6}
  4245 | D        | Noticed an electric golem
  4254 | D        | Killed an electric golem
  4254 | D        | Received a gift from Trog
  4315 | D        | Noticed Gloorx Vloq
  4315 | D        | Noticed a royal mummy
  4315 | D        | Noticed a curse toe
  4315 | D        | Noticed a vampire knight
  4316 | D        | Noticed an Executioner
  4317 | D        | Noticed an Executioner
  4317 | D        | Noticed an Executioner
  4317 | D        | Noticed an Executioner
  4319 | D        | Killed from afar by a deathcap

Illustrated notes

Levels and vault maps discovered:
D:        the_violet_keep_of_menkaure [sprint2_stairs_cluster_1,
          sprint2_shoproom, sprint2_temple, sprint2_basic_supplies,
          sprint2_obstacle_1, sprint2_obstacle_5, sprint2_obstacle_6,
          sprint2_obstacle_3, sprint2_obstacle_4, sprint2_timed_cluster_1,
          sprint2_smallroom_cluster_1, sprint2_smallroom_final_cluster_1,
          sprint2_transparent_cluster_1, sprint2_second_timed_cluster_1,
          sprint2_sniper_area_1, sprint2_heavy_combat_area_1,
          sprint2_mutation_trap_area_1, sprint2_forest_area_1,
          sprint2_light_combat_area_1, sprint2_behind_water_1,
          sprint2_near_end_vault_1]

Skill      XL: |  1  2  3  4  5  6  7  8  9 10 11 12 13 14 |
---------------+-------------------------------------------+-----
Fighting       | 7 8 10 11 13 15 16 18 20 23 26 | 26.8
Axes           | 7 9 11 12 14 16 18 20 22 23 25 26 | 26.5
Armour         | 3 4 5 6 7 9 11 14 17 19 20 | 20.6
Dodging        | 3 4 5 6 7 8 9 10 | 10.8
Stealth        | 1 2 3 4 5 |  5.3
Shields        | 1 4 7 10 17 19 | 19.5
Polearms       | 2 5 |  5.8

Action                   |  1- 3 |  4- 6 |  7- 9 | 10-12 | 13-15 || total
-------------------------+-------+-------+-------+-------+-------++-------
Melee: Hand axe          |     3 |    27 |    90 |    23 |       ||   143
       Headbutt          |       |     6 |    16 |    48 |    43 ||   113
       Punch             |       |       |     2 |       |       ||     2
       Battleaxe         |       |       |       |   153 |     3 ||   156
       Broad axe         |       |       |       |       |   197 ||   197
       Demon trident     |       |       |       |       |     8 ||     8
Invok: Berserk           |     1 |       |     3 |    10 |     8 ||    22
  Use: Scroll            |       |       |       |       |    14 ||    14
       Potion            |       |       |       |       |     3 ||     3
 Stab: Distracted        |       |       |       |       |     4 ||     4
Armor: Animal skin       |       |     2 |     1 |       |       ||     3
       Chain mail        |       |       |    21 |    40 |       ||    61
       Gold dragon scale |       |       |       |    11 |   144 ||   155
Dodge: Dodged            |       |    12 |    29 |    39 |    47 ||   127
Block: Kite shield       |       |       |     6 |     4 |   142 ||   152
       Other             |       |       |       |    32 |       ||    32
       Reflection        |       |       |       |     5 |     7 ||    12
